 Dungeon Crawl Stone Soup version 0.21.1-1-g345015f (webtiles) character file.

184 grindst0ne the Skirmisher (level 5, -1/62 HPs)
             Began as an Ogre Arcane Marksman on Feb 26, 2018.
             Slain by a wight
             ... wielding a cursed +5 falchion
              (11 damage)
             ... on level 2 of the Dungeon.
             The game lasted 00:09:33 (2810 turns).

grindst0ne the Skirmisher (Ogre Arcane Marksman)    Turns: 2810, Time: 00:09:34

Health: -1/62      AC:  5    Str: 14    XL:     5   Next: 64%
Magic:  6/6        EV:  9    Int: 14    God:
Gold:   124        SH:  0    Dex: 10    Spells: 3/6 levels left

rFire    . . .     SeeInvis .   l - +0 club
rCold    . . .     Gourm    .   (no shield)
rNeg     . . .     Faith    .   u - +1 robe {Archmagi}
rPois    .         Spirit   .   (helmet restricted)
rElec    .         Reflect  .   e - +0 cloak
rCorr    +         Harm     .   (gloves unavailable)
MR       .....                  (boots unavailable)
Stlth    +.........             (no amulet)
HPRegen  0.20/turn              h - ring of resist corrosion
MPRegen  0.10/turn              (no ring)

@: very heavily drained
A: large, unfitting armour, tough skin 1
a: no special abilities


You were on level 2 of the Dungeon.
You were very hungry.

You visited 1 branch of the dungeon, and saw 3 of its levels.

You collected 124 gold pieces.

Inventory:

Hand Weapons
 l - a +0 club (weapon)
Armour
 a - a +0 robe
 e - a +0 cloak (worn)
 u - a +1 robe of the Archmagi (worn)
Jewellery
 h - a ring of resist corrosion (left hand)
Scrolls
 g - a scroll of enchant weapon {unknown}
 k - a scroll of amnesia {unknown}
 n - a scroll of blinking {unknown}
 p - a scroll of noise {unknown}
 q - a scroll of random uselessness {unknown}
 t - a scroll of fog {unknown}
Potions
 d - a potion of brilliance
Books
 b - a book of Debilitation

   Spells                             Type                      Level
   a - Corona                         Hexes                        1
   b - Slow                           Hexes                        2
   c - Inner Flame                    Hexes/Fire                   3
   d - Portal Projectile              Hexes/Translocation          3
   e - Cause Fear                     Hexes                        4
   f - Leda's Liquefaction            Hexes/Earth                  4
Comestibles
 c - 6 chunks of flesh
 f - 5 rations


   Skills:
 + Level 7.1(2.0) Fighting
 - Level 2.0(0.0) Throwing
 - Level 1.7(0.0) Dodging
 - Level 1.2(0.0) Spellcasting
 - Level 2.6(0.0) Hexes


You had 3 spell levels left.
You knew the following spells:

 Your Spells              Type           Power        Failure   Level  Hunger
a - Corona                Hex            #......      28%         1    ##.....
b - Slow                  Hex            #.......     41%         2    ###....


Dungeon Overview and Level Annotations

Branches:
Dungeon (3/15)

Altars:
Qazlal

Annotations:
D:2 1 runed door, exclusion: downstairs, Robin
D:3 Autsider's ghost, amateur DrWz


Innate Abilities, Weirdness & Mutations

You are too large for most types of armour.
You have tough skin. (AC +1)


Message History

Things that are here:
2 stones; a bat skeleton You hit the crimson imp but do no damage.
The crimson imp blinks!
The wight hits you with an enchanted falchion.
* * * LOW HITPOINT WARNING * * *
You feel drained.
You see here 2 stones.
Things that are here:
a dagger; a goblin skeleton
There is a stone staircase leading up here.
The wight hits you with an enchanted falchion.
* * * LOW HITPOINT WARNING * * *
You feel drained.
* * * LOW HITPOINT WARNING * * *
You climb upwards.
Level annotation: 1 runed door, exclusion: downstairs, Robin
There is a stone staircase leading down, spattered with blood here.
The wight hits you with an enchanted falchion!
You die...

............# #..###....#..#
###########.# #..##.#...##.## #
####.#####..#.##.##.##.##
########...............###.###.#
.........##......###.##.##.##.##
####...####..###.# ##.#...##.##
#.........#..# #.# ##....#.##
#.##...##.#..# #.# ##.##g##
#.###.###.#..# #@######.##)#
.....(.......###>z.)....)>.#
......###......########.####
#)##.........#.# #####.#
#.##<......###.# #.(...#
#.#######.## #.# #.#####
#.#######.# #.####.# #.........#
#......# ########### ########


You could see a wight.

Vanquished Creatures
  2 wights (D:2)
  2 adders (D:3)
  2 oozes
  3 dart slugs
  2 leopard geckos
  8 bats
  4 giant cockroaches
  16 goblins
  7 hobgoblins
  5 jackals
  4 frilled lizards
  5 kobolds
  6 rats
66 creatures vanquished.

Notes
Turn   | Place    | Note
-------+----------+-------------------------------------------
     0 | D:1      | grindst0ne the Ogre Arcane Marksman began the quest for the Orb.
     0 | D:1      | Reached XP level 1. HP: 19/19 MP: 2/2
    57 | D:1      | Reached skill level 2 in Fighting
   260 | D:1      | Reached XP level 2. HP: 24/29 MP: 3/3
   338 | D:1      | Reached skill level 3 in Fighting
   424 | D:1      | Reached XP level 3. HP: 20/39 MP: 4/4
   580 | D:1      | Reached skill level 4 in Fighting
   879 | D:2      | Found a stormy altar of Qazlal.
   996 | D:2      | Found a runed door.
  1165 | D:2      | Learned a level 2 spell: Slow
  1589 | D:3      | Noticed Autsider's ghost (amateur DrWz)
  1834 | D:3      | Reached skill level 5 in Fighting
  1834 | D:3      | Reached XP level 4. HP: 45/50 MP: 5/5
  2048 | D:2      | Reached skill level 6 in Fighting
  2197 | D:2      | Reached XP level 5. HP: 17/61 MP: 6/6
  2431 | D:3      | Noticed Robin
  2708 | D:2      | Reached skill level 7 in Fighting
  2810 | D:2      | Slain by a wight

Skill      XL: |  1  2  3  4  5 |
---------------+----------------+-----
Fighting       | 2 3 5 6 7 |  7.1
Throwing       | |  2.0
Dodging        | |  1.7
Spellcasting   | |  1.2
Hexes          | |  2.6

Action                   |  1- 3 |  4- 6 || total
-------------------------+-------+-------++-------
Melee: Unarmed           |    39 |       ||    39
       Club              |    80 |   149 ||   229
Throw: Large rock        |    27 |    12 ||    39
       Throwing net      |     2 |     3 ||     5
 Cast: Corona            |       |     3 ||     3
  Use: Scroll            |     1 |     2 ||     3
       Potion            |       |     4 ||     4
 Stab: Held in net/web   |       |     1 ||     1
  Eat: Chunk             |     2 |       ||     2
       Ration            |       |     1 ||     1
Armor: Robe              |    67 |    74 ||   141
       Skin              |       |    15 ||    15
Dodge: Dodged            |   117 |   111 ||   228
